Map: Catalyst LE

Players

TheRedViper

  • Race: Terran Terran
  • League: Diamond
  • Spawn Location: 5:00

DerZerFetzer - Winner!

  • Race: Zerg Zerg
  • League: Master
  • Spawn Location: 11:00

VOD

Have the link to the VOD?

Description

6ling,3ravager,macro vs reaper expand cancel on cc

Time

  • Played on: Feb. 12, 2018, 2:37 p.m.
  • Length: 7:18
Show
View Real Time Build Order
Export as new Build Order

TheRedViper Terran 

Build Orders: Reaper Expand 

Get SALT Encoding   

  12  0:01  SCV  
  13  0:13  SCV  
  14  0:17  Supply Depot  
  14  0:25  SCV  
  15  0:30  Refinery  
  15  0:39  SCV  
  16  0:45  Barracks  
  16  0:51  SCV  
  17  1:03  SCV  
  18  1:15  SCV  
  19  1:32  Orbital Command  
  19  1:33  Reaper  
  20  1:46  Command Center  
  20  1:59  Command Center  
  20  2:02  Supply Depot  
  20  2:05  SCV  
  21  2:15  Barracks Reactor  
  21  2:21  Factory  
  21  2:37  SCV  
  21  2:40  Refinery  
  22  2:52  Marine x2  
  22  2:57  Bunker  
  27  3:05  Cyclone  
  27  3:06  Barracks  
  27  3:12  Marine x2  
  29  3:25  Orbital Command  
  24  3:34  Marine  
  24  3:35  Marine  
  20  3:57  SCV x2  
  24  4:16  Cyclone  
  24  4:20  SCV  
  25  4:33  Barracks Tech Lab  
  25  4:38  Starport  
  24  4:39  Hellion  
  24  4:45  SCV x2  
  28  4:57  SCV x2  
  30  5:04  Supply Depot  
  30  5:17  Supply Depot  
  30  5:19  Supply Depot  
  30  5:21  Cloaking Field  
  30  5:25  SCV, Banshee  
  34  5:32  Command Center  
  34  5:34  Hellion  
  36  5:36  Hellion  
  36  5:40  SCV  
  36  5:41  Orbital Command  
  39  5:53  Armory  
  41  5:57  Hellion x2  
  41  6:02  SCV  
  44  6:12  SCV  
  44  6:14  SCV  
  33  6:41  Hellion x2  
  33  6:44  Orbital Command  
  40  6:49  Factory  
  40  6:50  SCV  
Show
View Real Time Build Order
Export as new Build Order

DerZerFetzer Zerg - Winner!

Build Orders: Pool First 

Get SALT Encoding   

  12  0:01  Drone  
  13  0:08  Drone  
  13  0:13  Extractor  
  13  0:16  Drone  
  14  0:33  Spawning Pool  
  13  0:38  Drone  
  14  0:48  Overlord  
  14  0:58  Extractor  
  14  0:59  Drone  
  15  1:07  Drone  
  16  1:20  Zergling x4  
  16  1:24  Roach Warren  
  17  1:25  Zergling x2  
  18  1:38  Queen  
  20  1:47  Overlord  
  20  2:04  Roach  
  20  2:05  Roach  
  20  2:07  Roach  
  25  2:33  Ravager  
  25  2:34  Ravager x2  
  28  2:51  Queen  
  28  2:52  Hatchery  
  29  3:03  Drone  
  30  3:48  Drone  
  30  3:49  Overlord x3  
  29  4:13  Drone x5  
  29  4:14  Queen  
  36  4:17  Metabolic Boost  
  36  4:21  Drone x2  
  38  4:29  Drone  
  39  4:42  Drone x2  
  39  4:43  Drone  
  42  4:52  Overlord  
  42  4:57  Hatchery  
  42  4:59  Lair  
  41  5:00  Drone  
  41  5:02  Drone  
  43  5:10  Drone x2  
  43  5:11  Drone x2  
  47  5:16  Overlord  
  47  5:32  Zergling x4  
  47  5:33  Zergling x8  
  53  5:39  Pneumatized Carapace  
  53  5:44  Evolution Chamber  
  52  5:51  Zergling x14  
  52  5:56  Baneling Nest  
  58  6:09  Zergling x2  
  58  6:10  Zergling x10  
  64  6:19  Zergling x10  
  62  6:40  Spore Crawler  
  62  6:41  Spore Crawler  
  62  6:44  Spore Crawler  
  58  6:48  Zergling x14  
  58  6:49  Zergling x6  
Tags
 
Add a new tag
Caveats
  • Supply blocks, unpowered buildings, or Contaminate may cause inaccurate times.
  • Supply counts are checked every 10 seconds.